 Dungeon Crawl Stone Soup version 0.17-a0-819-gf98af59 (webtiles) character file.

1741 Sixotanaka the Cleaver (level 8, -8/68 HPs)
             Began as a Deep Dwarf Berserker on Apr 26, 2015.
             Was a High Priest of Trog.
             Mangled by Dowan
             ... wielding a +1 dagger of electrocution
              (9 damage)
             ... on level 6 of the Dungeon.
             The game lasted 00:14:08 (4856 turns).

Sixotanaka the Cleaver (Deep Dwarf Berserker)       Turns: 4856, Time: 00:14:08

Health: -8/68      AC: 17    Str: 25    XL:     8   Next: 77%
Magic:  8/8        EV:  7    Int:  8    God:    Trog [*****.]
Gold:   283        SH:  0    Dex: 13    Spells: 0 memorised, 7 levels left

rFire  . . .     SeeInvis +     b - +1 war axe of Infinity {flame, SInv} (curse)
rCold  . . .     Clarity  .     i - +0 plate armour
rNeg   . . .     SustAb   .     A - +0 buckler
rPois  .         Gourm    .     k - +0 helmet
rElec  .         Spirit   .     z - +0 cloak
rCorr  .         Warding  .     (no gloves)
rMut   .         Stasis   .     u - +0 pair of boots
MR     +....                    (no amulet)
Stlth  ..........               (no ring)
                                J - +3 ring of strength

@: confused, exhausted, non-regenerating, slowed, very slow, somewhat resistant
to hostile enchantments, extremely unstealthy
A: damage resistance, recharge devices, sense surroundings 1, slow healing 3
a: Device Recharging, Burn Spellbooks, Berserk, Trog's Hand, Brothers in Arms,
Renounce Religion


You were on level 6 of the Dungeon.
You worshipped Trog.
Trog was extremely pleased with you.
You were very hungry.

You visited 1 branch of the dungeon, and saw 6 of its levels.

You collected 283 gold pieces.


Innate Abilities, Weirdness & Mutations

You are resistant to damage.
You can recharge devices by infusing magical energy.
You passively map a small area around you.
You do not heal naturally.


   Skills:
 - Level 2.6 Fighting
 * Level 10.7 Axes
 + Level 7.2 Armour
 - Level 2.1 Dodging


You had 7 spell levels left.
You didn't know any spells.

Dungeon Overview and Level Annotations

Branches:
Dungeon (6/15)
 Temple: D:4-7

Altars:
Elyvilon
Nemelex Xobeh
Ru
The Shining One

Annotations:
D:6 Dowan, Duvessa

Inventory:

Hand weapons
 a - a +0 blowgun
 b - the cursed +1 war axe of Infinity (weapon) {flame, SInv}
   (You found it on level 6 of the Dungeon)

   It has been specially enchanted to burn those struck by it, causing extra
   injury to most foes and up to half again as much damage against particularly
   susceptible opponents.
   Big, fiery blades are also staple armaments of hydra-hunters.
   It enhances your eyesight.
   It has a curse placed upon it.
Missiles
 e - 231 stones (quivered)
 g - 60 poisoned needles
Armour
 i - a +0 plate armour (worn)
 k - a +0 helmet (worn)
 q - a +0 fire dragon armour
 u - a +0 pair of boots (worn)
 z - a +0 cloak (worn)
 A - a +0 buckler (worn)
Jewellery
 v - an uncursed ring of fire
 J - a +3 ring of strength (left hand)
Magical devices
 c - a wand of heal wounds (0) {@v2}
 y - a wand of digging (8)
 K - a wand of paralysis (15)
Scrolls
 f - a scroll of teleportation {unknown}
 o - a scroll of noise {unknown}
 p - 2 scrolls of recharging {unknown}
 r - 4 scrolls of remove curse {@r2}
 w - 2 scrolls of identify {@r1}
 C - a scroll of acquirement {unknown}
 E - a scroll of amnesia {unknown}
 I - a scroll of holy word {unknown}
Potions
 h - 4 potions of curing {@q1}
 l - 2 potions of cancellation {unknown}
 n - a potion of heal wounds {unknown}
 s - a potion of magic {unknown}
 t - a potion of lignification {unknown}
 B - 2 potions of haste {unknown}
 D - a potion of agility {unknown}
 F - a potion of restore abilities {unknown}
 G - a potion of mutation {unknown}
 H - a potion of cure mutation {unknown}
Comestibles
 d - 3 bread rations
 j - 2 meat rations
 m - 2 beef jerkies
 x - 8 chunks of flesh

*...#...# ###
.♣e##..###.(
...##....'() ##..
#....### ###.#
###### ##...# *
#..♣.+ , ##†...#
##@r.#.# *
#.ee###.. * ####
#..## ...# #...
#.## .♣.# * .###
### #.# ...# #.##
##.## #> # ##.##
#...## * * ##.##
##....### ## * #
##.###.......###...
##


You could see Duvessa, Dowan and a quokka.


Message History

You are feeling hungry.
Dowan gestures wildly while chanting.
Dowan blinks!
You feel a strong urge to attack something.
Dowan gestures at you while chanting. You resist with almost no effort.
You closely miss the worker ant. You block the worker ant's attack.
Dowan casts a spell at something.
Your shield and plate armour prevent you from hitting the worker ant.
The worker ant bites you but does no damage.
Duvessa, Sister of Dowan comes into view.
She is wielding a vampiric short sword.
The worker ant bites you but does no damage.
You feel a strong urge to attack something.
The quokka bites you but does no damage.
You are no longer berserk.
You are exhausted.
You feel yourself slow down.
You are feeling very hungry.
Duvessa zaps a wand.
You resist with almost no effort.
It is a wand of confusion.
Duvessa zaps a wand.
You resist with almost no effort.
The quokka bites you but does no damage.
There is a stone staircase leading up here.
Duvessa zaps a wand.
You are confused.
The quokka barely misses you.
The worker ant bites you but does no damage.
In your confused state, you trip and fall back down the stairs.
The quokka bites you but does no damage.
Dowan hisses, "Insulting my beauty only makes me fight harder!"
Dowan mumbles some strange words.
Dowan blinks!
The worker ant barely misses you. The quokka closely misses you.
The worker ant completely misses you.
Drink which item? (? for menu, Esc to quit)
It was a potion of curing.
You feel better.
The quokka bites you but does no damage.
The worker ant bites you. Dowan barely misses you.
The quokka closely misses you.
You barely miss Duvessa. You slash Dowan! You burn Dowan.
You slash the worker ant! You burn the worker ant.
You kill the worker ant!
Trog accepts your kill.
You hit the quokka. You burn the quokka.
Duvessa zaps a wand.
You are confused.
The quokka bites you but does no damage.
Dowan hits you but does no damage.
You are electrocuted!
* * * LOW HITPOINT WARNING * * *
Duvessa gestures with her weapon.
Duvessa barely misses you. The quokka closely misses you.
Dowan hits you but does no damage.
You are electrocuted!
* * * LOW HITPOINT WARNING * * *
Duvessa zaps a wand.
You resist with almost no effort.
Zapping:
c - a wand of heal wounds (1) {@v2} Nothing appears to happen.
This wand has 0 charges left.
Duvessa hits you with a vampiric short sword.
* * * LOW HITPOINT WARNING * * *
The quokka bites you but does no damage.
Dowan points at you and mumbles some strange words.
You resist with almost no effort.
Duvessa zaps a wand.
You resist with almost no effort.
The quokka bites you but does no damage.
Dowan hits you but does no damage.
You are electrocuted!
You die...

Action                   |  1- 3 |  4- 6 |  7- 9 || total
-------------------------+-------+-------+-------++-------
Melee: Hand axe          |    99 |   273 |   164 ||   536
       War axe           |       |       |    31 ||    31
 Fire: Blowgun           |       |     7 |       ||     7
Throw: Stone             |     5 |       |       ||     5
Invok: Berserk           |     3 |     4 |     5 ||    12
       Burn Spellbooks   |       |       |     1 ||     1
       Trog's Hand       |       |       |     1 ||     1
Evoke: Wand              |     1 |     2 |     2 ||     5
  Use: Scroll            |       |       |     2 ||     2
       Potion            |       |       |     1 ||     1
  Eat: Chunk             |     2 |    13 |     8 ||    23
       Beef jerky        |     1 |       |       ||     1

Vault maps used:
D:1:      ncdulo_halloftheorcs
D:2:      first_bread, nrook_loot_triangle, uniq_terence
D:3:      lemuel_crystal_altar
D:4:      gammafunk_temple_overflow_statue
D:5:      minmay_stone_trees_large, nemelex_spade_bored_becter,
          uniq_blork_the_orc
D:6:      lemuel_crystal_altar, grunt_ministairs_4, supply_closet_lemuel,
          uniq_crazy_yiuf_cottage, uniq_eustachio, uniq_sigmund, uniq_duvessa

Notes
Turn   | Place    | Note
--------------------------------------------------------------
     0 | D:1      | Sixotanaka, the Deep Dwarf Berserker, began the quest for the Orb.
     0 | D:1      | Reached XP level 1. HP: 20/20 MP: 1/1
   284 | D:1      | Reached skill level 4 in Axes
   284 | D:1      | Reached XP level 2. HP: 27/27 MP: 2/2
   891 | D:1      | Acquired Trog's second power
  1087 | D:2      | Reached XP level 3. HP: 33/33 MP: 3/3
  1136 | D:2      | Noticed Terence
  1156 | D:2      | Killed Terence
  1282 | D:2      | Reached skill level 5 in Axes
  1282 | D:2      | Reached XP level 4. HP: 40/40 MP: 4/4
  1448 | D:2      | Reached skill level 3 in Armour
  2072 | D:3      | Reached XP level 5. HP: 31/46 MP: 5/5
  2109 | D:3      | Found a sacrificial altar of Ru.
  2199 | D:3      | Reached skill level 6 in Axes
  2500 | D:4      | Found a glowing golden altar of the Shining One.
  2501 | D:4      | Found a white marble altar of Elyvilon.
  2573 | D:4      | Noticed an ogre
  2581 | D:4      | Killed an ogre
  2581 | D:4      | Reached skill level 4 in Armour
  2581 | D:4      | Reached XP level 6. HP: 55/55 MP: 6/6
  2843 | D:4      | Noticed an ogre
  2853 | D:4      | Killed an ogre
  2853 | D:4      | Reached skill level 7 in Axes
  3676 | D:4      | Reached XP level 7. HP: 57/61 MP: 7/7
  3774 | D:5      | Entered Level 5 of the Dungeon
  3890 | D:5      | Acquired Trog's third power
  3890 | D:5      | Reached skill level 5 in Armour
  3901 | D:5      | Reached skill level 8 in Axes
  4122 | D:5      | Found a sparkling altar of Nemelex Xobeh.
  4283 | D:5      | Noticed Blork the orc
  4309 | D:5      | Killed Blork the orc
  4356 | D:5      | Identified the Disquisition on Confrontation
  4480 | D:5      | Reached skill level 9 in Axes
  4499 | D:6      | Reached XP level 8. HP: 52/68 MP: 8/8
  4505 | D:6      | Reached skill level 6 in Armour
  4585 | D:6      | Got an ichor-stained war axe
  4587 | D:6      | Identified the cursed +1 war axe of Infinity {flame, SInv} (You found it on level 6 of the Dungeon)
  4737 | D:6      | Reached skill level 10 in Axes
  4772 | D:6      | Noticed Sigmund
  4780 | D:6      | Killed Sigmund
  4780 | D:6      | Reached skill level 7 in Armour
  4841 | D:6      | Noticed Dowan
  4848 | D:6      | Noticed Duvessa
  4855 | D:6      | HP: 14/68 [Dowan/dagger of electrocution (14)]
  4855 | D:6      | HP: 3/68 [Dowan/dagger of electrocution (11)]
  4856 | D:6      | HP: 1/68 [Duvessa/vampiric short sword (2)]
  4856 | D:6      | Mangled by Dowan

Vanquished Creatures
  Sigmund (D:6)
  A sky beast (D:5)
  An orc warrior (D:6)
  2 centaurs
  2 ogres (D:4)
  Blork the orc (D:5)
  2 giant frogs (D:6)
  A gnoll sergeant (D:5)
  3 wights (D:6)
  2 hounds
  A crimson imp (D:6)
  An orc priest (D:3)
  A centaur skeleton (D:6)
  A giant frog skeleton (D:4)
  An iguana (D:4)
  4 orc wizards
  Terence (D:2)
  3 worker ants
  A hound skeleton (D:5)
  A worker ant zombie (D:6)
  4 gnolls (D:5)
  12 adders
  2 oozes
  3 giant geckos
  21 orcs
  A ball python (D:3)
  7 bats
  A bat zombie (D:5)
  7 goblins
  11 hobgoblins
  5 jackals (D:3)
  10 kobolds
  3 quokkas
  2 giant cockroaches
  8 giant newts
  11 rats
139 creatures vanquished.
